AoeStats
← wxm

Arena

509367961Analyzed
1v1 RM · 6d ago on Sep 26, 2026· 76m 23s· 2 players
Game mode
Random Map
Map size
Tiny (2 player)
Population
200
Speed
Normal
Resources
Standard
Victory
Conquest
Starting age
Dark Age
Ending age
Imperial Age
RankedLock teamsTeams togetherTeam positionsShared explorationLock speedFull tech treeHidden civsTurbo modeCheats
Victory
Defeat
🇨🇳 Teutons · China
368
+12
🇦🇺 Persians · Australia
276
-12
LaBrioche41
13:25 Feudal Age
14:08 Double-Bit Axe
14:07 Horse Collar
17:02 Gold Mining
17:13 Stone Mining
21:33 Castle Age
20:14 Wheelbarrow
22:34 Bow Saw
23:08 Heavy Plow
24:55 Gold Shaft Mining
25:32 Fervor
26:34 Stone Shaft Mining
28:07 Hand Cart
37:33 Imperial Age
36:42 Padded Archer Armor
36:33 Fletching
38:54 Loom
41:06 Chemistry
40:27 Ballistics
40:04 Murder Holes
40:22 Masonry
40:51 Block Printing
42:13 Man-at-Arms
42:39 Gambesons
42:36 Capped Ram
42:55 Long Swordsman
43:47 Siege Ram
45:04 Long Swordsman
72:12 Guilds
73:52 Two-Man Saw
wxm
10:40 Feudal Age
11:22 Double-Bit Axe
13:23 Wheelbarrow
12:49 Town Watch
16:20 Horse Collar
16:37 Stone Mining
16:38 Gold Mining
21:15 Castle Age
22:10 Forging
24:17 Hand Cart
24:32 Bow Saw
24:36 Heavy Plow
25:28 Ironclad
28:03 Iron Casting
30:49 Ballistics
30:40 Masonry
35:19 Padded Archer Armor
35:20 Scale Mail Armor
35:25 Scale Barding Armor
39:08 Imperial Age
39:38 Gambesons
42:00 Capped Ram
45:41 Onager
46:26 Elite Teutonic Knight
47:38 Bloodlines
48:49 Blast Furnace
48:50 Cavalier
54:34 Redemption
54:38 Fervor
54:31 Devotion
54:53 Sanctity
56:14 Hoardings
57:48 Guilds
59:34 Crop Rotation
60:09 Two-Man Saw
59:54 Block Printing
60:20 Theocracy
60:09 Heresy
60:21 Heresy
60:23 Chain Mail Armor
62:13 Paladin
63:58 Chemistry
63:08 Siege Engineers
63:15 Fortified Wall
62:59 Guard Tower
64:13 Illumination
68:46 Atonement
70:35 Chain Barding Armor
70:33 Leather Archer Armor
71:58 Conscription
72:12 Crenellations
Connection lost

Rejoining the realm…

Still unreachable

The connection could not be restored.

Session expired

The server has moved on; the page needs a fresh start.